 Dungeon Crawl Stone Soup version 0.19-a0-1511-g16f215b (webtiles) character file.

23860 Xiguana the Fighter (level 12, -6/92 HPs)
             Began as a Demonspawn Chaos Knight on Sept 11, 2016.
             Mangled by Rupert the caustic shrike (glowing shapeshifter) (25 damage)
             ... on level 4 of the Lair of Beasts.
             The game lasted 00:54:24 (16131 turns).

Xiguana the Fighter (Demonspawn Chaos Knight)      Turns: 16131, Time: 00:54:25

Health: -6/92      AC:  3    Str: 18 (20) XL:     12   Next: 75%
Magic:  0/9        EV: 17    Int: 18 (20) God:    Xom [*.....]
Gold:   1212       SH:  0    Dex: 15      Spells: 2 memorised, 9 levels left

rFire  + . .     SeeInvis +     a - +1 hand axe (chaos)
rCold  + . .     Gourm    .     P - +2 leather armour of Jainivu {rC+ rN+ Int+4}
rNeg   + . .     Faith    .     (no shield)
rPois  +         Spirit   +     (helmet unavailable)
rElec  .         Dismiss  .     r - +0 cloak of Duose {rPois rF+ Stlth+}
rCorr  .         Reflect  .     q - +0 pair of gloves
MR     +....     Harm     .     (no boots)
Stlth  +++.......               (no amulet)
                                e - ring of protection from magic
                                y - +3 ring of dexterity

@: corroded, very slightly contaminated, hasted (expiring), drained, very quick
A: antennae 3, fangs 1, talons 1, iridescent scales 3, camouflage 1, blink,
clever 1, deterioration 1, frail 1, low mp 2, poison resistance, powered by pain
1, regeneration 2, shaggy fur 1, strong 1, wild magic 1, magic shield, magic
regeneration
a: Blink, Renounce Religion


You were on level 4 of the Lair of Beasts.
You worshipped Xom.
You were a special plaything of Xom.
You were not hungry.

You visited 3 branches of the dungeon, and saw 16 of its levels.
You also visited: Sewer and Bailey.

You collected 1879 gold pieces.
You spent 667 gold pieces at shops.

Inventory:

Hand Weapons
 a - a +1 hand axe of chaos (weapon)
 u - the +1 flail of Distant Worlds {antimagic, rPois rN++ Stlth+}
   (You found it on level 4 of the Lair of Beasts)

   It reduces the magical energy of the wielder, and disrupts the spells and
   magical abilities of those hit.
   Natural abilities and divine invocations are not affected.
   It protects you from poison.
   It greatly protects you from negative energy.
   It makes you more stealthy.
 W - a +2 hand axe of flaming
Missiles
 w - 9 tomahawks of returning (quivered)
 V - 10 throwing nets
Armour
 p - the +1 robe of the Mantidfly {rF++ rC+}
   (You found it on level 3 of the Lair of Beasts)

   It greatly protects you from fire.
   It protects you from cold.
 q - a +0 pair of gloves (worn)
 r - the +0 cloak of Duose (worn) {rPois rF+ Stlth+}
   (You bought it in a shop on level 5 of the Dungeon)

   It protects you from fire.
   It protects you from poison.
   It makes you more stealthy.
 F - an ice dragon hide
 P - the +2 leather armour of Jainivu (worn) {rC+ rN+ Int+4}
   (You bought it in a shop on level 5 of the Dungeon)

   It affects your intelligence (+4).
   It protects you from cold.
   It protects you from negative energy.
Rods
 E - a +2 lightning rod (10/10)
   (You found it on level 7 of the Dungeon)
Jewellery
 e - a ring of protection from magic (right hand)
 l - an uncursed ring of protection from cold
 y - a +3 ring of dexterity (left hand)
Wands
 b - a wand of digging (15/24)
 k - a wand of hasting (3/9)
 m - a wand of slowing (34/48)
Scrolls
 d - 3 scrolls of identify
 g - 2 scrolls of magic mapping
 h - 9 scrolls of remove curse
 n - a scroll of brand weapon
 R - 2 scrolls of blinking
Potions
 i - 4 potions of heal wounds
 j - 2 potions of might
 s - 2 potions of lignification
 t - 4 potions of curing
 x - 2 potions of ambrosia
 z - a potion of haste
 A - 2 potions of berserk rage
 L - 3 potions of brilliance
 N - a potion of invisibility
Comestibles
 c - 11 bread rations
 o - 6 meat rations
 D - 9 slices of pizza


   Skills:
 * Level 12.4(12.0) Fighting
 * Level 11.9(11.4) Axes
 + Level 8.6(8.1) Armour
 + Level 8.2(7.8) Dodging


You had 9 spell levels left.
You knew the following spells:

 Your Spells              Type           Power        Failure   Level  Hunger
a - Apportation           Tloc           #.........   32%         1    ##.....
b - Summon Butterflies    Summ           #.......     32%         1    ##.....


Dungeon Overview and Level Annotations

Branches:
Dungeon (11/15)            Temple (1/1) D:7            Lair (4/6) D:10
  Swamp (0/4) Lair:3
  Snake: Lair:2-4    Spider: Lair:2-4       Orc: D:9-12

Altars:
Ashenzari
Dithmenos
Gozag
Kikubaaqudgha
Makhleb
Nemelex Xobeh
Okawaru
Qazlal
Ru
Sif Muna
Trog
Uskayaw
Vehumet
Xom
Yredelemnul
Zin
The Shining One

Shops:
D:5 [   D:9 *   D:10 !   D:11 !

Annotations:
D:11 Roxy's ghost, journeyman FoFi
Lair:4 Rupert


Innate Abilities, Weirdness & Mutations

You are completely covered in iridescent scales. (AC +6)
You sometimes gain a little power by taking damage.
When hurt, damage is shared between your health and your magic reserves.
You regenerate magic rapidly.
You have a pair of large antennae on your head. (SInv)
You have very sharp teeth.
You have sharp toenails.
Your skin changes colour to match your surroundings (Stealth+).
You can translocate small distances at will.
Your mind is acute. (Int +2)
Your body sometimes deteriorates upon taking damage.
You are frail. (-10% HP)
Your magical capacity is very low. (-20% MP)
Your system is resistant to poisons. (rPois)
You heal very quickly.
You are covered in fur. (AC +1)
Your muscles are strong. (Str +2)
Your spells are a little harder to cast, but a little more powerful.


Message History

You hit Rupert.
There is a sudden explosion of sparks!
Rupert is lightly wounded.
You hit the white imp but do no damage. Rupert closely misses you.
The white imp hits you.
* * * LOW HITPOINT WARNING * * *
You emit a cloud of colourful smoke!
The white imp freezes you. You resist.
* * * LOW HITPOINT WARNING * * *
Unknown command.
You hit Rupert but do no damage.
Rupert is lightly wounded.
You completely miss the crimson imp. You hit the white imp but do no damage.
Rupert claws you!
* * * LOW HITPOINT WARNING * * *
You are splashed with acid!
The acid corrodes you!
The acid burns!
* * * LOW HITPOINT WARNING * * *
Unknown command.
You feel much better. Rupert claws you!!
You die...
Xom snickers!

#.....#..#...#
..
#.#...#....#..P
##..............
#..#...P........
#......#P...[...
##.P......#.....
##.....P#.......
#..#.#5§b.#.....
#.....5@.....N.#
##.....#§.....##
#...#.#P.....#
##.....#P.......
#P.#.....5#.....
##........#....#
#.#...#......#.
##...#..#...P..
#P.....#....
......#.P.


You could see Rupert the caustic shrike shaped shifter, a naga, a quasit
(confused), a crimson imp (confused) and a white imp.

Vanquished Creatures
  A hydra (Lair:3)
  Erica (D:8)
  A fire crab (shapeshifter) (Lair:1)
  An unseen horror (D:11)
  4 hill giants
  A shining eye (Lair:3)
  2 ugly things (D:11)
  An oklob plant (D:10)
  2 elephants (Lair:3)
  A manticore (D:11)
  Maurice (D:8)
  Joseph (D:7)
  4 spiny frogs
  4 komodo dragons
  Prince Ribbit (D:7)
  A blink frog (Lair:3)
  2 wyverns
  13 yaks
  3 hogs (D:8)
  A human (D:8)
  A wandering mushroom (D:10)
  4 fire bats (Lair:2)
  A golden eye (Lair:1)
  2 basilisks
  A hungry ghost (D:8)
  A steam dragon (shapeshifter) (Lair:1)
  4 hippogriffs
  A mottled dragon (D:11)
  3 nagas (Lair:4)
  2 water moccasins
  Duvessa (D:7)
  4 porcupines
  An ice beast (D:11)
  8 orc warriors
  A black bear (Lair:3)
  An ice beast (shapeshifter) (D:6)
  4 phantoms
  2 sky beasts
  A wasp (D:11)
  2 wolves
  8 ogres
  5 centaurs
  2 big kobolds
  A big kobold (shapeshifter) (D:9)
  7 crocodiles
  7 giant frogs
  8 gnoll sergeants (Bailey)
  7 scorpions
  A wyvern skeleton (D:11)
  Dowan (D:7)
  13 killer bees
  2 howler monkeys
  5 wights
  3 crimson imps
  3 centaur zombies
  3 giant frog zombies
  9 hounds
  3 jellies
  6 gnoll shamans (Bailey)
  7 orc priests
  14 orc wizards
  Jessica (D:3)
  Ijyb (D:3)
  Terence (D:2)
  8 iguanas
  9 worker ants
  A hell rat (D:8)
  A killer bee zombie (D:6)
  A hound zombie (D:8)
  A worker ant zombie (D:11)
  Robin (D:3)
  13 gnolls
  12 adders
  23 river rats
  2 shadow imps (D:8)
  An ooze (shapeshifter) (Bailey)
  An ooze (D:2)
  An adder skeleton (D:6)
  4 worms
  2 dart slugs
  9 giant geckos
  43 orcs
  6 giant cockroaches
  16 goblins
  7 hobgoblins
  7 jackals
  5 quokkas
  2 ball pythons
  A ball python skeleton (D:4)
  11 bats
  5 giant newts
  A jackal skeleton (D:5)
  16 kobolds
  4 rats
  2 plants
425 creatures vanquished.

Vanquished Creatures (collateral kills)
  Grum (Lair:1)
  3 nagas (Lair:4)
  An eye of draining (D:10)
  A centaur (D:10)
  2 giant frogs
  A howler monkey (D:10)
  2 gnolls (Bailey)
  A river rat (Lair:4)
  A giant gecko (D:10)
13 creatures vanquished.

Vanquished Creatures (others)
  Pikel (D:7)
  A sky beast (D:10)
  3 slaves (D:7)
  An ogre (D:7)
  A centaur (D:7)
  An orc wizard (D:4)
  3 gnolls (D:7)
  2 orcs
  A giant newt (D:7)
  5 fungi
  4 plants
23 creatures vanquished.

Grand Total: 461 creatures vanquished

Notes
Turn   | Place    | Note
-------+----------+-------------------------------------------
     0 | D:1      | Xiguana the Demonspawn Chaos Knight began the quest for the Orb.
     0 | D:1      | Reached XP level 1. HP: 18/18 MP: 1/1
    88 | D:1      | Reached skill level 1 in Dodging
   186 | D:1      | Gained mutation: When hurt, damage is shared between your health and your magic reserves. [demonic ancestry]
   186 | D:1      | Reached XP level 2. HP: 21/24 MP: 2/2
   243 | D:1      | XOM: harmless Hex miscast
   342 | D:1      | XOM: divination: detect items
   435 | D:2      | XOM: divination: detect creatures
   453 | D:2      | XOM: harmless Fire miscast
   516 | D:2      | Gained mutation: You sometimes gain a little power by taking damage. [demonic ancestry]
   516 | D:2      | Reached XP level 3. HP: 15/29 MP: 3/3
   668 | D:2      | XOM: harmless Ice miscast
   753 | D:2      | Found a sacrificial altar of Ru.
   966 | D:2      | Noticed Terence
   972 | D:2      | XOM: cast spell 'Olgreb's Toxic Radiance'
   977 | D:2      | XOM: 2-stop teleportation journey
  1051 | D:2      | Reached XP level 4. HP: 37/37 MP: 4/4
  1190 | D:2      | Found a shattered altar of Ashenzari.
  1190 | D:2      | Found a burning altar of Makhleb.
  1378 | D:2      | XOM: silly message
  1684 | D:2      | Killed Terence
  1726 | D:3      | Noticed Ijyb
  1726 | D:3      | Noticed Robin
  1733 | D:3      | Gained mutation: You are partially covered in iridescent scales. (AC +2) [demonic ancestry]
  1733 | D:3      | Reached XP level 5. HP: 39/42 MP: 3/5
  1747 | D:3      | Killed Robin
  1763 | D:3      | Killed Ijyb
  1763 | D:3      | Reached skill level 4 in Fighting
  1819 | D:3      | Found a bloodstained altar of Trog.
  1819 | D:3      | Found a hide-covered altar of Uskayaw.
  1824 | D:3      | Found an opulent altar of Gozag.
  1849 | D:3      | Found a glowing silver altar of Zin.
  1874 | D:3      | Found a basalt altar of Yredelemnul.
  1951 | D:3      | Noticed Jessica
  1952 | D:3      | Killed Jessica
  2223 | D:3      | XOM: medium Air miscast
  2652 | D:3      | XOM: give mutations
  2652 | D:3      | Gained mutation: You are resistant to hostile enchantments. (MR+) [Xom's mischief]
  2652 | D:3      | Lost mutation: You are resistant to hostile enchantments. (MR+) [Xom's mischief]
  2652 | D:3      | Gained mutation: You are clumsy. (Dex -2) [Xom's mischief]
  2652 | D:3      | Gained mutation: Your body sometimes deteriorates upon taking damage. [Xom's mischief]
  2663 | D:3      | Found a radiant altar of Vehumet.
  2803 | D:3      | XOM: god gift: 25 stones
  2911 | D:4      | Gained mutation: You regenerate magic rapidly. [demonic ancestry]
  2911 | D:4      | Reached XP level 6. HP: 13/48 MP: 1/6
  2923 | D:4      | XOM: enchant monster (bad)
  2925 | D:4      | XOM: repel stairs
  2928 | D:4      | XOM: divination: detect items
  2969 | D:4      | XOM: harmless Air miscast
  3048 | D:4      | XOM: silly message
  3054 | D:4      | XOM: harmless Divn miscast
  3293 | D:4      | Found a stormy altar of Qazlal.
  3482 | D:4      | XOM: scenery: 1 doors open
  3540 | D:4      | XOM: enchant monster (good)
  3546 | D:4      | Gained mutation: You are mostly covered in iridescent scales. (AC +4) [demonic ancestry]
  3546 | D:4      | Reached XP level 7. HP: 33/55 MP: 4/7
  3549 | D:4      | XOM: enchant monster (good)
  3553 | D:4      | Reached skill level 5 in Fighting
  3553 | D:4      | Reached skill level 5 in Axes
  3567 | D:4      | Found an ancient bone altar of Kikubaaqudgha.
  3753 | D:5      | Entered Level 5 of the Dungeon
  3828 | D:5      | XOM: cleaving
  3831 | D:5      | XOM: enchant monster (good)
  3838 | D:5      | Found Kocuse's Antique Armour Boutique.
  3916 | D:5      | XOM: scenery: create altars
  3919 | D:5      | XOM: summons 2 hostile demons
  3920 | D:5      | XOM: polymorph shadow imp -> iron imp
  3940 | D:5      | XOM: 1-stop teleportation journey
  4240 | D:5      | XOM: 5-stop teleportation journey
  4301 | D:5      | Bought an ancient cloak for 237 gold pieces
  4306 | D:5      | Identified the +0 cloak of Duose {rPois rF+ Stlth+} (You bought it in a shop on level 5 of the Dungeon)
  4519 | D:5      | XOM: 9-stop teleportation journey
  4589 | D:5      | XOM: chaos upgrade
  4691 | D:5      | XOM: medium Summ miscast
  4692 | D:5      | Noticed a hellwing
  4994 | D:5      | XOM: scenery: create altars
  5051 | D:6      | Noticed a wyvern
  5051 | D:6      | a sky beast changed into a wyvern
  5051 | D:6      | XOM: polymorph sky beast -> wyvern
  5060 | D:6      | Killed a wyvern
  5060 | D:6      | Reached skill level 6 in Fighting
  5060 | D:6      | Reached XP level 8. HP: 44/64 MP: 5/8
  5087 | D:6      | XOM: cleaving
  5189 | D:6      | XOM: fog
  5224 | D:6      | Got a scorched scimitar
  5225 | D:6      | Identified the +1 scimitar "Zahasac" {flame, +Inv} (You found it on level 6 of the Dungeon)
  5515 | D:6      | Found a glowing drain.
  5524 | Sewer    | Entered a sewer
  5545 | Sewer    | XOM: summons 3 hostile shadow creatures
  5719 | D:6      | Reached skill level 7 in Fighting
  5836 | D:6      | XOM: polymorph centaur -> swamp drake
  5870 | D:6      | Gained mutation: Your mind is acute. (Int +2) [mutagenic meat]
  5965 | D:7      | XOM: 1-stop teleportation journey
  6097 | D:7      | XOM: scenery: 1 doors close
  6098 | D:7      | XOM: cast spell 'Excruciating Wounds'
  6099 | D:7      | XOM: noise
  6113 | D:7      | Reached XP level 9. HP: 56/72 MP: 9/9
  6175 | D:7      | Noticed Pikel
  6179 | D:7      | XOM: enchant monster (bad)
  6183 | D:7      | Killed Pikel
  6183 | D:7      | XOM: divine lightning (protected)
  6391 | D:7      | Found an ancient bone altar of Kikubaaqudgha.
  6391 | D:7      | Noticed Duvessa
  6391 | D:7      | Noticed Dowan
  6405 | D:7      | XOM: summons friendly shadow imp
  6413 | D:7      | XOM: confusion (+ monsters)
  6423 | D:7      | XOM: blink monster(s)
  6451 | D:7      | Killed Dowan
  6466 | D:7      | Killed Duvessa
  6466 | D:7      | Reached skill level 5 in Armour
  6466 | D:7      | XOM: god gift: club {god gift}
  6497 | D:7      | XOM: scenery: create altars
  6625 | D:7      | Found a staircase to the Ecumenical Temple.
  6644 | Temple   | Entered the Ecumenical Temple
  6689 | D:7      | Noticed Joseph
  6711 | D:7      | Killed Joseph
  6711 | D:7      | Reached skill level 8 in Fighting
  6718 | D:7      | Reached skill level 5 in Dodging
  6957 | D:7      | Noticed Prince Ribbit
  6960 | D:7      | XOM: fog
  7046 | D:7      | XOM: give mutations
  7046 | D:7      | Gained mutation: You have a pair of small antennae on your head. [Xom's grace]
  7046 | D:7      | Gained mutation: You have a pair of antennae on your head. [Xom's grace]
  7046 | D:7      | Gained mutation: Your mind is very acute. (Int +4) [Xom's grace]
  7046 | D:7      | Gained mutation: Your natural rate of healing is unusually fast. [Xom's grace]
  7170 | D:7      | XOM: confuse monster(s)
  7194 | D:7      | Killed Prince Ribbit
  7297 | D:8      | Noticed Maurice
  7349 | D:7      | XOM: scenery: create altars
  7423 | D:8      | XOM: smoke on damage
  7505 | D:8      | XOM: fog
  7517 | D:8      | Reached XP level 10. HP: 66/82 MP: 10/10
  7528 | D:8      | Reached skill level 9 in Fighting
  7701 | D:8      | XOM: give mutations
  7701 | D:8      | Gained mutation: You are covered in fur. (AC +1) [Xom's grace]
  7701 | D:8      | Gained mutation: You have sharp toenails. [Xom's grace]
  7701 | D:8      | Gained mutation: Your system is resistant to poisons. (rPois) [Xom's grace]
  7701 | D:8      | Gained mutation: Your skin changes colour to match your surroundings (Stealth+). [Xom's grace]
  7814 | D:8      | XOM: confuse monster(s)
  7839 | D:8      | XOM: give mutations
  7839 | D:8      | Gained mutation: Your muscles are strong. (Str +2) [Xom's grace]
  7839 | D:8      | Lost mutation: You are clumsy. (Dex -2) [Xom's grace]
  7839 | D:8      | Gained mutation: You can translocate small distances at will. [Xom's grace]
  7839 | D:8      | Gained mutation: Your spells are a little harder to cast, but a little more powerful. [Xom's grace]
  7878 | D:8      | XOM: give mutations
  7878 | D:8      | Gained mutation: You heal very quickly. [Xom's grace]
  7878 | D:8      | Gained mutation: You have a pair of large antennae on your head. (SInv) [Xom's grace]
  7878 | D:8      | Gained mutation: You have very sharp teeth. [Xom's grace]
  7878 | D:8      | Gained mutation: Your flesh is cold resistant. (rC+) [Xom's grace]
  7986 | D:8      | XOM: 4-stop teleportation journey
  7992 | D:8      | XOM: summons 5 hostile demons
  8009 | D:8      | Noticed Erica
  8040 | D:8      | Killed Erica
  8089 | D:8      | Killed Maurice
  8434 | D:8      | Found a shimmering altar of Xom.
  8589 | D:6      | XOM: give mutations
  8589 | D:6      | Lost mutation: Your flesh is cold resistant. (rC+) [Xom's mischief]
  8589 | D:6      | Lost mutation: Your mind is very acute. (Int +4) [Xom's mischief]
  8614 | D:5      | Bought a heavily runed leather armour for 175 gold pieces
  8624 | D:5      | Identified the +2 leather armour of Jainivu {rC+ rN+ Int+4} (You bought it in a shop on level 5 of the Dungeon)
  8785 | D:9      | Identified the Handbook of Enthralling Air
  8836 | D:9      | Found a sparkling altar of Nemelex Xobeh.
  8927 | D:9      | XOM: confuse monster(s)
  9030 | D:9      | Found Loru's Assorted Antiques.
  9052 | D:9      | Bought a scroll labeled TELAGIROVANO for 27 gold pieces
  9052 | D:9      | Bought a scroll of teleportation for 81 gold pieces
  9052 | D:9      | Bought a scroll labeled URA GEUDES for 27 gold pieces
  9052 | D:9      | Bought a metallic dark potion for 24 gold pieces
  9424 | D:9      | Reached skill level 10 in Fighting
  9610 | D:10     | Entered Level 10 of the Dungeon
  9627 | D:10     | XOM: summons 9 friendly demons
  9640 | D:10     | Noticed a hill giant
  9648 | D:10     | Killed a hill giant
  9650 | D:10     | Gained mutation: You are completely covered in iridescent scales. (AC +6) [demonic ancestry]
  9650 | D:10     | Reached XP level 11. HP: 67/90 MP: 3/11
  9786 | D:10     | XOM: swap monsters
  9835 | D:10     | Noticed an oklob plant
  9839 | D:10     | Found a staircase to the Lair.
  9839 | D:10     | Noticed an oklob plant
  9858 | D:10     | Found Gebytedu's Distillery.
  9866 | D:10     | Bought a potion of lignification for 36 gold pieces
  9866 | D:10     | Bought a potion of heal wounds for 60 gold pieces
  9897 | D:10     | XOM: summons friendly white imp
 10006 | D:10     | Noticed a hill giant
 10011 | D:10     | XOM: summons friendly crimson imp
 10012 | D:10     | XOM: confuse monster(s)
 10015 | D:10     | XOM: smoke on damage
 10041 | D:10     | Killed a hill giant
 10135 | D:10     | Found a shadowy altar of Dithmenos.
 10200 | D:10     | XOM: polymorph crimson imp -> iron imp
 10209 | D:11     | Found a flagged portal.
 10219 | D:11     | XOM: fog
 10225 | D:11     | Noticed a cyan ugly thing
 10247 | D:11     | Killed a cyan ugly thing
 10267 | Bailey   | Entered a bailey
 10420 | Bailey   | XOM: scenery: 2 doors close
 10445 | Bailey   | XOM: summons 7 friendly demons
 10470 | Bailey   | Reached skill level 10 in Axes
 10507 | Bailey   | XOM: medium Conj miscast
 10606 | Bailey   | XOM: summons friendly quasit
 10646 | Bailey   | XOM: divination: detect items
 10666 | Bailey   | XOM: scenery: 1 doors close
 10668 | Bailey   | XOM: mild Air miscast
 10741 | Bailey   | XOM: scenery: create altars
 11266 | D:11     | Noticed a hill giant
 11268 | D:11     | XOM: harmless Hex miscast
 11286 | D:11     | Killed a hill giant
 11306 | D:11     | Noticed a hill giant
 11315 | D:11     | Killed a hill giant
 11399 | D:11     | Noticed a purple ugly thing
 11399 | D:11     | Noticed an unseen horror
 11418 | D:11     | XOM: enchant monster (bad)
 11429 | D:11     | Killed an unseen horror
 11429 | D:11     | Reached skill level 11 in Fighting
 11434 | D:11     | XOM: divine lightning (protected)
 11438 | D:11     | Killed a purple ugly thing
 11450 | D:11     | Learned a level 1 spell: Apportation
 11452 | D:11     | Learned a level 1 spell: Summon Butterflies
 11508 | D:11     | Found Zonaucuwk's Distillery.
 11557 | D:11     | Found a glowing golden altar of the Shining One.
 11585 | D:11     | XOM: blink monster(s)
 11590 | D:11     | Noticed Roxy's ghost (journeyman FoFi)
 11592 | D:11     | XOM: harmless Chrm miscast
 11597 | D:11     | XOM: divination: detect items
 11603 | D:11     | XOM: divination: detect creatures
 11620 | D:11     | XOM: chaos upgrade
 11621 | D:11     | XOM: harmless Air miscast
 11626 | D:11     | XOM: divination: detect creatures
 11627 | D:11     | XOM: summons friendly ufetubus
 11628 | D:11     | XOM: polymorph ufetubus -> white imp
 12046 | D:11     | XOM: enchant monster (good)
 12269 | D:11     | XOM: medium Fire miscast
 12274 | D:11     | XOM: divination: detect creatures
 12282 | D:11     | XOM: harmless Summ miscast
 12327 | D:11     | XOM: swap monsters
 12405 | D:10     | Killed an oklob plant
 12536 | D:10     | an oklob plant changed into a wandering mushroom
 12536 | D:10     | XOM: polymorph oklob plant -> wandering mushroom
 12540 | D:10     | XOM: confuse monster(s)
 12547 | D:10     | XOM: enchant monster (good)
 12597 | Lair:1   | Entered Level 1 of the Lair of Beasts
 12607 | Lair:1   | Noticed a fire crab
 12607 | Lair:1   | a yak changed into a fire crab
 12613 | Lair:1   | Killed a fire crab
 12613 | Lair:1   | Reached XP level 12. HP: 66/100 MP: 9/12
 12626 | Lair:1   | XOM: mild Divn miscast
 12762 | Lair:1   | XOM: severe Hex miscast
 12766 | Lair:1   | Noticed Grum
 12786 | Lair:1   | Killed Grum
 12795 | Lair:1   | Gained mutation: Your magical capacity is low. (-10% MP) [mutagenic glow]
 12882 | Lair:1   | XOM: enchant monster (bad)
 13241 | Lair:1   | XOM: scenery: 1 doors open
 13332 | Lair:1   | XOM: divination: detect items
 13984 | Lair:2   | XOM: harmless Divn miscast
 14429 | Lair:3   | Got a slimy robe
 14441 | Lair:3   | Identified the cursed +1 robe of the Mantidfly {rF++ rC+} (You found it on level 3 of the Lair of Beasts)
 14578 | Lair:3   | Noticed a five-headed hydra
 14580 | Lair:3   | XOM: divination: detect creatures
 14581 | Lair:3   | XOM: enchant monster (bad)
 14586 | Lair:3   | XOM: divination: detect items
 14589 | Lair:3   | Reached skill level 12 in Fighting
 14595 | Lair:3   | XOM: harmless Air miscast
 14596 | Lair:3   | XOM: blink monster(s)
 14602 | Lair:3   | Killed a one-headed hydra
 14603 | Lair:3   | XOM: divination: detect items
 14609 | Lair:3   | XOM: polymorph elephant -> shining eye
 14616 | Lair:3   | XOM: summons 2 friendly demons
 14617 | Lair:3   | XOM: summons friendly quasit
 14628 | Lair:3   | XOM: confusion (+ monsters)
 14671 | Lair:3   | XOM: noise
 14673 | Lair:3   | XOM: fake destruction
 14675 | Lair:3   | XOM: summons friendly quasit
 14683 | Lair:3   | Gained mutation: You are frail. (-10% HP) [a shining eye]
 14684 | Lair:3   | XOM: noise
 14745 | Lair:3   | XOM: swap monsters
 14766 | Lair:3   | XOM: harmless Summ miscast
 14782 | Lair:3   | Found a staircase to the Swamp.
 15158 | Lair:3   | XOM: silly message
 15264 | Lair:4   | Noticed a five-headed hydra
 15318 | Lair:4   | Got a bone flail
 15321 | Lair:4   | Identified the +1 flail of Distant Worlds {antimagic, rPois rN++ Stlth+} (You found it on level 4 of the Lair of Beasts)
 15392 | Lair:4   | XOM: cast spell 'Monstrous Menagerie'
 15472 | Lair:4   | XOM: enchant monster (bad)
 15621 | Lair:4   | Noticed a six-headed hydra
 15633 | Lair:4   | Noticed Rupert
 15635 | Lair:4   | XOM: mild Tloc miscast
 15645 | Lair:4   | XOM: harmless Summ miscast
 15657 | Lair:4   | XOM: harmless Tloc miscast
 15661 | Lair:4   | XOM: god gift: 33 gold pieces
 15670 | Lair:4   | XOM: enchant monster (bad)
 15674 | Lair:4   | XOM: repel stairs
 15683 | Lair:4   | XOM: harmless Air miscast
 15684 | Lair:4   | Noticed a catoblepas
 15684 | Lair:4   | a five-headed hydra changed into a catoblepas
 15684 | Lair:4   | XOM: polymorph five-headed hydra -> catoblepas
 15695 | Lair:3   | XOM: severe Tloc miscast
 15727 | Lair:3   | Gained mutation: Your magical capacity is very low. (-20% MP) [mutagenic glow]
 16074 | Lair:4   | XOM: blink monster(s)
 16075 | Lair:4   | XOM: confusion (+ monsters)
 16079 | Lair:4   | XOM: polymorph Rupert -> Rupert
 16103 | Lair:4   | Noticed Rupert
 16103 | Lair:4   | Rupert changed into Rupert the shadow dragon
 16108 | Lair:4   | Noticed Rupert
 16108 | Lair:4   | Rupert the shadow dragon changed into Rupert the stone giant
 16110 | Lair:4   | XOM: stat loss: -1 Str (18/20)
 16110 | Lair:4   | Noticed Rupert
 16110 | Lair:4   | Rupert the stone giant changed into Rupert the alligator snapping turtle
 16112 | Lair:4   | Noticed Rupert
 16112 | Lair:4   | Rupert the alligator snapping turtle changed into Rupert the quicksilver dragon
 16113 | Lair:4   | XOM: summons 6 hostile demons
 16115 | Lair:4   | Noticed Rupert
 16115 | Lair:4   | Rupert the quicksilver dragon changed into Rupert the shadow dragon
 16120 | Lair:4   | XOM: medium Tloc miscast
 16121 | Lair:4   | XOM: confusion (+ monsters)
 16121 | Lair:4   | Noticed Rupert
 16121 | Lair:4   | Rupert the shadow dragon changed into Rupert the acid blob
 16128 | Lair:4   | Noticed Rupert
 16128 | Lair:4   | Rupert the acid blob changed into Rupert the caustic shrike
 16129 | Lair:4   | XOM: smoke on damage
 16130 | Lair:4   | HP: 2/92 [acid (4)]
 16131 | Lair:4   | Mangled by Rupert the caustic shrike (glowing shapeshifter)

Vault maps used:
D:1:      minmay_arrival_jagged
D:2:      nicolae_ru_awakened_eye, amethyst_overflow_temple_binary, first_bread,
          uniq_terence
D:3:      lemuel_crystal_altar, nicolae_overflow_quartered_altars,
          marbit_many_paths, roderic_roman_lattice, uniq_iyjb, uniq_jessica,
          uniq_robin
D:4:      kiku_gazebo_pond_becter, nicolae_qazlal_general_emergency
D:5:      serial_shops, nicolae_shop_waterfront, minmay_statues_item
D:6:      gup_sewer_entry_bowl
D:7:      minmay_ruined_shrine, uniq_pikel, uniq_duvessa, uniq_joseph,
          uniq_prince_ribbit1
D:8:      kennysheep_six_static_rooms, grunt_livestock, roderic_lattice_a,
          minmay_misc_feat_pillars, minivault_27, minmay_splitting_lines,
          amethyst_killhole, tgw_xom, uniq_erica, uniq_maurice
D:9:      nemelex_xobeh_ov_fountains_minmay, serial_shops,
          nicolae_shop_statue_plus
D:10:     dpeg_oklobed_lair, serial_shops, nicolae_shop_stone,
          lemuel_statue_altar
D:11:     david_orc_4, serial_shops, nicolae_shop_stone, basic_altar,
          enter_bailey_2
Temple:   compressed_dpeg_triangle_lava_temple
Lair:1:   beast_lair_carwin_4, uniq_grum
Lair:3:   swamp_mist_pool, lemuel_fruit_fields
Lair:4:   minmay_snake_entry_guardpost_medium, serial_bayou_pond_a,
          st_stairs_13, uniq_rupert
Sewer:    sewer_big_baddie
Bailey:   bailey_polearm_gnolls_kennysheep, bailey

Skill      XL: |  1  2  3  4  5  6  7  8  9 10 11 12 |
---------------+-------------------------------------+-----
Dodging        | 1 2 3 4 5 6 7 8 |  8.2
Axes           | 3 4 5 6 8 9 10 11 | 11.9
Armour         | 2 3 4 5 6 7 8 |  8.6
Fighting       | 4 6 7 8 10 11 12 | 12.4

Action                   |  1- 3 |  4- 6 |  7- 9 | 10-12 || total
-------------------------+-------+-------+-------+-------++-------
Melee: Hand axe          |   106 |   149 |   594 |  1360 ||  2209
       Unarmed           |       |    27 |     8 |     3 ||    38
       Kick              |       |       |       |   483 ||   483
       Bite              |       |       |       |   191 ||   191
Evoke: Wand              |       |       |     6 |    18 ||    24
       Rod               |       |       |     5 |    12 ||    17
  Use: Scroll            |     5 |       |     1 |    22 ||    28
       Potion            |       |     5 |     2 |    10 ||    17
 Stab: Paralysed         |       |     5 |     8 |    27 ||    40
       Sleeping          |       |       |     4 |    18 ||    22
       Petrified         |       |       |    10 |    33 ||    43
       Confused          |       |       |     3 |    10 ||    13
       Petrifying        |       |       |     3 |     6 ||     9
       Distracted        |       |       |       |     5 ||     5
  Eat: Chunk             |     1 |     3 |    10 |    16 ||    30
       Meat ration       |       |     1 |     1 |       ||     2
       Beef jerky        |       |       |       |     4 ||     4
       Fruit             |       |       |       |     3 ||     3
       Royal jelly       |       |       |       |     2 ||     2
       Pizza             |       |       |       |     2 ||     2
Armor: Leather armour    |    38 |    40 |   220 |   403 ||   701
       Skin              |       |    17 |     2 |       ||    19
Dodge: Dodged            |    65 |   141 |   304 |   964 ||  1474
